Map: Overgrown Facility

Players

Nyck - Winner!

  • Race: Terran Terran
  • Spawn Location: 7:00

Ekelpack - Winner!

  • Race: Zerg Zerg
  • Spawn Location: 9:00

posol

  • Race: Zerg Zerg
  • League: Master
  • Spawn Location: 3:00

Korelobster

  • Race: Terran Terran
  • Spawn Location: 1:00

VOD

Have the link to the VOD?

Description

Time

  • Played on: Sept. 11, 2024, 12:32 p.m.
  • Length: 13:45
Show
View Real Time Build Order
Export as new Build Order

Nyck Terran - Winner!

Build Orders: 2 Factory, Mech 

Get SALT Encoding   

  12  0:00  SCV  
  13  0:12  SCV  
  14  0:19  Supply Depot  
  14  0:25  SCV  
  15  0:41  SCV  
  16  0:44  Barracks  
  16  0:51  Refinery  
  16  0:55  Refinery  
  16  0:56  SCV  
  17  1:08  SCV  
  18  1:20  SCV  
  19  1:31  Reaper  
  20  1:42  Orbital Command  
  20  1:45  Supply Depot  
  20  1:54  Factory  
  20  2:07  SCV  
  21  2:13  Factory  
  21  2:28  Barracks Reactor  
  21  2:38  SCV  
  22  2:48  Factory Tech Lab  
  22  2:50  SCV  
  23  2:54  Supply Depot  
  23  2:58  Supply Depot  
  23  3:02  SCV  
  24  3:19  Hellion  
  28  3:20  Hellion  
  28  3:22  Command Center  
  28  3:25  Infernal Pre-Igniter  
  28  3:29  SCV  
  29  3:42  SCV  
  30  3:51  Hellion  
  30  3:52  Hellion  
  30  3:53  Hellion  
  30  3:54  SCV  
  37  4:06  SCV, Barracks Reactor  
  38  4:14  Factory  
  38  4:21  Engineering Bay  
  38  4:27  Siege Tank  
  41  4:39  SCV  
  42  4:55  SCV  
  45  5:00  Widow Mine x2  
  45  5:01  Siege Tank  
  50  5:15  SCV  
  51  5:22  Orbital Command  
  51  5:27  SCV, Refinery  
  52  5:30  Refinery  
  52  5:39  SCV  
  53  5:51  SCV  
  54  5:57  SCV  
  54  6:03  SCV  
  46  6:09  SCV  
  47  6:15  SCV  
  48  6:22  SCV  
  48  6:25  Siege Tank  
  52  6:28  Hellion x2  
  52  6:32  Armory  
  56  6:35  Engineering Bay  
  56  6:44  SCV x2  
  58  6:47  Command Center  
  58  6:56  SCV x2  
  60  7:08  SCV  
  61  7:10  Supply Depot  
  61  7:16  SCV  
  61  7:19  Terran Infantry Weapons Level 1, Terran Infantry Armor Level 1  
  62  7:24  Armory  
  62  7:27  Terran Vehicle And Ship Armor Level 1  
  62  7:31  SCV x2, Siege Tank  
  62  7:32  Supply Depot  
  67  7:41  Hellion  
  69  7:45  SCV  
  70  7:53  SCV, Hellion x2  
  70  7:55  Supply Depot  
  70  7:57  SCV  
  76  8:05  SCV  
  77  8:07  Command Center  
  77  8:09  SCV  
  77  8:10  Hellion  
  77  8:11  Hellion  
  82  8:14  Hellion  
  82  8:18  Supply Depot  
  84  8:22  Terran Vehicle Weapons Level 1  
  84  8:34  SCV x2  
  85  8:35  Orbital Command  
  85  8:41  Supply Depot  
  86  8:46  SCV x2  
  88  8:56  Refinery  
  88  8:58  Hellion  
  88  8:59  Hellion x3  
  96  9:07  SCV x2  
  96  9:08  SCV  
  99  9:13  Neosteel Armor  
  99  9:20  SCV  
  99  9:21  Refinery  
  100  9:25  SCV x2  
  102  9:44  Command Center  
  102  9:47  Thor  
  102  9:49  Hellion x3  
  102  9:50  Hellion  
  116  9:55  Terran Vehicle And Ship Armor Level 2  
  116  10:13  SCV x3  
  119  10:24  Terran Vehicle Weapons Level 2  
  119  10:25  SCV x3  
  119  10:28  Hellion x4  
  130  10:30  Thor  
  122  10:53  Hi-Sec Auto Tracking  
  122  10:54  SCV x3  
  122  10:56  Orbital Command  
  125  11:06  SCV x3  
  128  11:18  SCV x2  
  124  11:28  SCV  
  125  11:33  Thor  
  131  11:41  Barracks Tech Lab  
  131  11:48  SCV, Factory Tech Lab  
  131  11:50  SCV x3  
  135  12:00  SCV  
  136  12:06  Thor  
  142  12:12  SCV  
  143  12:16  Thor  
  143  12:20  Factory Tech Lab  
  149  12:26  Refinery  
  149  12:28  SCV x4, Refinery  
  153  12:38  Thor  
  159  12:46  Factory  
  159  13:32  Factory  
Show
View Real Time Build Order
Export as new Build Order

Ekelpack Zerg - Winner!

Build Orders: Hatch First 

Get SALT Encoding   

  12  0:00  Drone  
  13  0:09  Drone  
  14  0:18  Overlord  
  14  0:25  Extractor  
  14  0:26  Drone  
  14  0:53  Drone  
  14  0:55  Hatchery  
  14  1:10  Spawning Pool  
  13  1:13  Drone  
  14  1:19  Drone  
  14  1:22  Drone  
  16  1:29  Drone  
  17  1:36  Drone  
  18  1:59  Queen  
  18  2:00  Zergling x4  
  22  2:11  Overlord  
  22  2:23  Drone  
  22  2:25  Drone  
  22  2:26  Drone  
  25  2:31  Extractor  
  25  2:35  Drone  
  25  2:39  Queen  
  25  2:43  Lair  
  27  2:47  Drone x2  
  29  3:15  Queen  
  29  3:17  Drone x3  
  29  3:18  Drone x2  
  29  3:19  Overlord  
  36  3:34  Extractor  
  36  3:38  Extractor  
  33  3:51  Drone x3  
  33  3:54  Spire  
  35  4:06  Drone  
  35  4:07  Drone x3  
  39  4:14  Overlord x2  
  39  4:19  Drone  
  40  4:32  Drone x2  
  40  4:33  Drone x4  
  46  4:52  Overlord  
  46  4:54  Drone x2  
  48  5:07  Mutalisk x2  
  48  5:08  Mutalisk x2  
  48  5:10  Zerg Flyer Weapons Level 1  
  55  5:20  Mutalisk  
  55  5:21  Mutalisk x3  
  63  5:37  Hatchery, Mutalisk x2  
  66  5:45  Mutalisk  
  66  5:47  Overlord  
  66  5:48  Overlord  
  68  6:16  Mutalisk x6  
  68  6:18  Overlord x2  
  80  6:19  Mutalisk  
  80  6:20  Mutalisk  
  84  6:36  Overlord  
  84  6:37  Mutalisk x3  
  90  6:47  Zergling x4  
  92  6:58  Drone x3  
  95  7:10  Overlord x2  
  95  7:13  Extractor  
  95  7:14  Drone x2  
  96  7:21  Mutalisk x2  
  96  7:22  Mutalisk  
  102  7:37  Zergling x10  
  102  7:38  Zergling x8  
  102  7:42  Metabolic Boost  
  110  8:03  Zergling x14  
  110  8:04  Zergling x8  
  110  8:05  Overlord  
  114  8:28  Mutalisk x6  
  124  8:41  Drone x3  
  127  8:44  Overlord  
  127  9:02  Mutalisk x2  
  123  9:03  Mutalisk x6  
  123  9:08  Overlord  
  123  9:09  Overlord  
  133  9:32  Zergling x2  
  133  9:33  Zergling x10  
  135  9:49  Drone x3  
  135  9:50  Drone x2  
  135  9:52  Zerg Flyer Weapons Level 2  
  110  10:08  Mutalisk x5  
  110  10:25  Mutalisk x3  
  110  10:26  Mutalisk x4  
  118  10:31  Zergling x2  
  118  10:32  Zergling x2  
  96  10:45  Evolution Chamber  
  96  10:49  Extractor  
  82  11:05  Zergling x6  
  82  11:06  Zergling x12  
  90  11:23  Zergling x12  
  90  11:24  Zergling x2  
  94  11:46  Zerg Melee Weapons Level 1  
  94  11:52  Overlord x2  
  94  11:53  Hatchery  
  93  11:59  Mutalisk x6  
  93  12:00  Mutalisk x4  
  113  12:09  Hatchery  
  112  12:16  Mutalisk x2  
  112  12:18  Zergling x6  
  119  12:27  Zergling x6, Baneling Nest  
  119  12:28  Zergling x2  
  122  12:31  Infestation Pit  
  122  12:32  Zergling x8  
  122  12:33  Zergling x2  
  126  12:40  Extractor  
  111  12:49  Overlord  
  111  12:50  Overlord  
  111  13:03  Mutalisk x4  
  111  13:04  Zergling x8  
  111  13:05  Zergling x6  
  94  13:18  Drone x2  
  96  13:22  Zergling x6  
Show
View Real Time Build Order
Export as new Build Order

posol Zerg 

Build Orders: 3 Hatch before Pool 

Get SALT Encoding   

  12  0:04  Drone  
  13  0:09  Drone  
  14  0:24  Overlord  
  14  0:43  Drone x3  
  17  0:57  Hatchery  
  16  1:00  Drone  
  17  1:13  Drone  
  18  1:24  Hatchery  
  17  1:35  Drone x2  
  19  1:41  Overlord  
  19  2:03  Drone  
  20  2:10  Spawning Pool  
  20  2:11  Extractor  
  20  2:14  Drone x3, Extractor  
  19  2:47  Drone  
  19  2:48  Drone x6  
  26  2:56  Queen  
  27  3:08  Spine Crawler  
  27  3:09  Spine Crawler  
  24  3:18  Queen  
  26  3:29  Zergling x6  
  26  3:33  Overlord  
  29  3:46  Drone  
  29  3:47  Drone x2  
  32  3:53  Drone  
  32  3:54  Drone x3  
  36  4:02  Metabolic Boost  
  36  4:16  Drone x2  
  36  4:17  Drone x6  
  44  4:28  Queen  
  43  4:40  Drone x4  
  43  4:41  Drone x3  
  50  4:55  Overlord x3  
  50  4:59  Lair  
  50  5:04  Overlord  
  50  5:05  Overlord  
  50  5:27  Extractor  
  49  5:30  Extractor  
  49  5:34  Drone x2  
  49  5:35  Drone x2  
  52  5:36  Spore Crawler  
  52  5:39  Drone x3  
  52  5:40  Drone  
  55  5:55  Hatchery  
  55  5:56  Spore Crawler  
  53  6:03  Spire  
  52  6:07  Spore Crawler  
  51  6:12  Spore Crawler  
  50  6:24  Extractor  
  49  6:27  Extractor  
  45  6:33  Drone  
  45  6:34  Drone x15  
  59  6:44  Spore Crawler  
  58  6:47  Spore Crawler  
  54  7:06  Spire  
  53  7:09  Drone x3  
  53  7:10  Drone x6  
  62  7:22  Overlord x3  
  62  7:25  Extractor  
  61  7:37  Mutalisk x3  
  61  7:38  Mutalisk x7  
  81  8:08  Spore Crawler, Mutalisk x5  
  81  8:11  Overlord x3  
  81  8:12  Overlord  
  78  8:30  Mutalisk x2  
  78  8:31  Mutalisk x2  
  70  8:43  Mutalisk  
  70  8:44  Mutalisk x2  
  65  8:58  Spore Crawler  
  65  8:59  Spore Crawler  
  65  9:01  Spore Crawler  
  58  9:03  Spore Crawler, Drone  
  58  9:04  Drone x5  
  59  9:24  Mutalisk x3  
Show
View Real Time Build Order
Export as new Build Order

Korelobster Terran 

Build Orders:  

Get SALT Encoding   

  12  0:25  SCV  
  12  0:26  Supply Depot  
  13  0:38  SCV  
  14  0:49  Barracks  
  14  0:50  SCV  
  14  0:56  Refinery  
  15  0:57  Refinery  
  15  1:02  SCV  
  16  1:14  SCV  
  16  1:17  Barracks  
  17  1:26  SCV  
  18  1:38  Supply Depot, SCV, Marine  
  20  1:50  SCV  
  21  1:56  Marine  
  22  2:02  SCV, Engineering Bay  
  22  2:08  Marine  
  24  2:14  Marine  
  25  2:20  Supply Depot  
  25  2:23  SCV  
  25  2:25  Marine  
  27  2:35  SCV  
  28  2:38  Factory  
  28  2:39  Marine  
  29  2:58  Terran Infantry Weapons Level 1  
  29  3:14  Marine x2  
  31  3:23  Barracks  
  31  3:27  Supply Depot  
  31  3:32  Marine x2  
  33  3:50  Marine x2  
  35  3:57  Supply Depot  
  35  4:08  Marine x2  
  37  4:14  Marine  
  38  4:25  Marine  
  38  4:26  Marine  
  38  4:27  Supply Depot  
  40  4:32  Marine  
  41  4:43  Marine x2  
  43  4:49  Marine  
  43  4:52  Terran Infantry Armor Level 1  
  44  5:01  Marine, Command Center  
  44  5:04  Marine  
  46  5:07  Marine  
  47  5:19  Marine  
  47  5:21  Marine  
  47  5:25  Marine  
  49  5:30  Factory Tech Lab  
  49  5:37  Marine  
  49  5:39  SCV, Marine  
  52  5:43  Marine  
  52  5:48  Armory  
  53  5:51  SCV  
  53  5:54  Marine  
  55  5:57  Marine  
  55  6:01  Marine  
  55  6:03  SCV  
  56  6:12  Marine  
  56  6:15  SCV, Marine  
  57  6:19  Marine  
  57  6:25  Missile Turret  
  58  6:27  SCV  
  58  6:30  Marine  
  60  6:36  Marine  
  60  6:39  SCV  
  63  6:48  Marine  
  63  6:49  Barracks Tech Lab  
  63  7:02  Supply Depot  
  63  7:09  Supply Depot  
  63  7:12  Barracks  
  63  7:18  Barracks Reactor  
  63  7:20  Barracks Reactor  
  62  7:38  Marine  
  59  8:12  Supply Depot  
  59  8:15  Supply Depot  
  59  8:16  Missile Turret  
  59  8:17  Supply Depot  
  59  8:19  Missile Turret  
  59  8:22  Refinery  
  59  8:28  Terran Infantry Weapons Level 2  
  59  8:37  Marine  
  60  8:54  Marine  
  61  8:58  Marine x3  
  61  8:59  Marine x2  
  66  9:12  Marine  
  66  9:16  Marine  
  68  9:19  Orbital Command  
  68  9:30  Marine  
  69  9:34  Marine x2  
  50  10:09  Marine x3  
  50  10:10  Marine x3  
  56  10:27  Marine x2, Command Center  
  39  10:44  Terran Infantry Armor Level 2  
  39  10:49  Marine x2  
  41  10:50  Marine x3  
  44  11:01  Marine  
  45  11:06  Marine  
  45  11:07  Marine  
  45  11:08  Marine x3  
  50  11:19  Marine  
  50  11:24  Marine x2  
  52  11:26  Marine x3  
  55  11:37  Marine  
  56  11:42  Marine x2  
  56  11:43  Marine  
  56  11:44  Marine x2  
  61  11:55  Marine  
  61  12:00  Marine x2  
  64  12:01  Marine x2  
  64  12:02  Marine  
  67  12:12  Marine  
  68  12:18  Marine x2  
  68  12:19  Marine x3  
  73  12:30  Marine  
  73  12:35  Marine  
  73  12:36  Marine  
  76  12:37  Marine x3  
  71  12:48  Marine  
  72  12:53  Marine x2  
  72  12:55  Marine  
  55  13:10  Marine x3  
  55  13:11  Marine x2  
  41  13:12  Marine  
Tags
 
Add a new tag
Caveats
  • Supply blocks, unpowered buildings, or Contaminate may cause inaccurate times.
  • Supply counts are checked every 10 seconds.